cohdb
Replays
Latest Replays
All Replays
Popular Replays
Top Player Replays
Match Explorer
How It Works
Community
CoH3 Stats
Reddit
Sign in to upload your games and track your stats! →
Sign in with Steam
Match 41239602
Unlisted
Match 41239602
Overview
Messages
Build Orders
End
Kradschützen Motorcycle Team
Selects Panzerjäger Kommand Battlegroup
Selects Blockade Equipment
250 Light Carrier
Panzergrenadier Squad
Panzerpioneer Squad
Construct Light Support Kompanie
Combat Half-tracks
MG34 Team
Fire Support Elements
Flakvierling Half-track
Pak 38 Mechanized Group
Selects Defensive Positions
Selects Tank Busters
2.5-tonne Medical Truck
Panzerjäger Squad
Construct Panzerarmee Kommand
Panzerjäger Squad
Walking Stuka Rocket Launcher
Selects Butterfly Bomb Drop
Selects Crew Shock Tactics
Panzer III L Medium Tank
Panzer III L Medium Tank
(✺ω✺)chupacabra
yarang
Rei
HulkSMASH
0
0
Comments
sign in to comment!
No comments posted yet!